AoeStats
← coolbeans

Lombardia

509644011Analyzed
2v2 RM · 5d ago on Sep 27, 2026· 44m 24s· 4 players
Game mode
Random Map
Map size
Medium (4 player)
Population
200
Speed
Normal
Resources
Standard
Victory
Conquest
Starting age
Dark Age
Ending age
Imperial Age
RankedLock teamsTeams togetherTeam positionsShared explorationLock speedFull tech treeHidden civsTurbo modeCheats
Victory
Defeat
🇵🇪 Mongols · Peru
1318
+13
🇷🇺 Poles · Russia
1310
+13
🇩🇪 Varangians · Germany
1249
-13
🇩🇪 Tupi · Germany
1249
-13
Lastik
9:01 Loom
11:23 Feudal Age
16:45 Castle Age
15:15 Double-Bit Axe
15:42 Horse Collar
17:57 Heavy Plow
19:26 Bow Saw
23:32 Szlachta Privileges
23:43 Scale Barding Armor
24:16 Husbandry
24:26 Bloodlines
24:59 Forging
27:00 Iron Casting
29:25 Chain Barding Armor
30:24 Gold Mining
30:25 Stone Mining
31:25 Wheelbarrow
35:04 Imperial Age
32:48 Scale Mail Armor
35:56 Stone Shaft Mining
36:10 Conscription
35:15 Cavalier
36:58 Blast Furnace
36:13 Chain Mail Armor
37:19 Crop Rotation
39:16 Plate Mail Armor
38:49 Squires
38:12 Elite Obuch
39:28 Hoardings
39:47 Fletching
40:12 Fortified Wall
42:07 Bodkin Arrow
42:38 Ballistics
43:25 Chemistry
Rasec
10:35 Feudal Age
15:09 Castle Age
13:48 Double-Bit Axe
15:05 Horse Collar
17:10 Bow Saw
22:18 Fletching
27:27 Wheelbarrow
27:39 Padded Archer Armor
30:24 Heavy Plow
30:16 Gold Mining
35:10 Imperial Age
32:34 Town Watch
33:05 Hand Cart
32:36 Loom
33:33 Bodkin Arrow
33:40 Husbandry
33:51 Bloodlines
34:39 Scale Barding Armor
34:45 Forging
34:50 Leather Archer Armor
35:28 Ballistics
35:56 Onager
37:47 Capped Ram
38:57 Siege Ram
40:00 Elite Mangudai
41:17 Bracer
42:19 Chemistry
43:43 Chain Barding Armor
43:59 Iron Casting
43:34 Light Cavalry
coolbeans
9:24 Loom
11:55 Feudal Age
15:52 Castle Age
13:39 Loom
14:46 Double-Bit Axe
14:45 Horse Collar
22:04 Bow Saw
23:19 Scale Barding Armor
24:45 Forging
24:53 Bloodlines
24:44 Husbandry
28:29 Forging
28:40 Chain Barding Armor
29:39 Stone Mining
30:36 Husbandry
30:42 Gold Mining
34:08 Vendel Legacy
38:03 Imperial Age
39:35 Cavalier
40:52 Iron Casting
Alonso Quesada de la Mancha
7:12 Loom
10:00 Feudal Age
10:29 Double-Bit Axe
10:30 Champi Runner
12:06 Horse Collar
15:07 Arson
20:27 Castle Age
18:22 Fletching
20:17 Gold Mining
20:51 Padded Archer Armor
20:35 Elite Skirmisher
23:02 Bow Saw
23:40 Wheelbarrow
23:10 Bodkin Arrow
23:35 Squires
23:40 Scale Mail Armor
24:28 Pikeman
26:46 Heavy Plow
29:33 Forging
29:38 Leather Archer Armor
30:14 Ballistics
29:53 Stone Mining
32:10 Chain Mail Armor
36:33 Imperial Age
34:22 Hand Cart
36:40 Halberdier
37:26 Bracer
38:41 Plate Mail Armor
41:00 Ring Archer Armor
41:55 Iron Casting
43:03 Two-Man Saw
43:12 Chemistry
42:30 Capped Ram
43:36 Conscription
Connection lost

Rejoining the realm…

Still unreachable

The connection could not be restored.

Session expired

The server has moved on; the page needs a fresh start.